[Event "December 12 Early 2023"]
[Site "https://www.chess.com"]
[Date "2023.12.12"]
[Round "7"]
[White "Harsha Bharathakoti"]
[Black "Adla, Diego"]
[Result "1-0"]
[Board "32"]
[TimeControl "180+1"]
[WhiteFideId "5078776"]
[BlackFideId "100072"]
[WhiteElo "2892"]
[BlackElo "2669"]
[WhiteTeam "IND"]
[BlackTeam "ARG"]
[WhiteClock "0:00:02"]
[BlackClock "0:00:00"]

1. d4 Nf6 2. Bg5 g6 3. Bxf6 exf6 4. e3 Bg7 5. c4 O-O 6. Nc3 c5 7. Nf3 f5 8. Rc1 d6 9. Be2 Nc6 10. O-O cxd4 11. exd4 Qb6 12. Na4 Qa5 13. a3 Bd7 14. Nc3 Qb6 15. Na4 Qa5 16. Nc3 Qb6 17. Nb5 a6 18. c5 dxc5 19. dxc5 Qd8 20. Nc3 Be6 21. b4 Qe7 22. Re1 Rad8 23. Qc2 Nd4 24. Nxd4 Bxd4 25. Bf3 Rd7 26. Na4 Qf6 27. Nb6 Re7 28. Nd5 Bxd5 29. Bxd5 Rfe8 30. Rxe7 Rxe7 31. Qd1 Kg7 32. Qd3 Rd7 33. Qf3 Bb2 34. Rd1 g5 35. g3 g4 36. Qb3 Bd4 37. Qc4 Be5 38. a4 h5 39. b5 axb5 40. axb5 h4 41. Re1 hxg3 42. hxg3 Re7 43. c6 bxc6 44. Bxc6 Qd6 45. Qc2 Kf6 46. Rd1 Qc7 47. Qc5 Bxg3 48. fxg3 Qxg3+ 49. Kf1 Qf4+ 50. Qf2 Qc4+ 51. Kg1 Re2 52. Qd4+ Qxd4+ 53. Rxd4 Rb2 54. Rd5 f4 55. Rc5 g3 56. Kf1 Kg6 57. Be4+ Kg7 58. Kg1 f6 59. Bf3 Rb3 60. Bd5 Rb2 61. Ba8 Kg6 62. Bc6 f5 63. Bd7 f3 64. Bxf5+ 1-0

[Event "December 12 Early 2023"]
[Site "https://www.chess.com"]
[Date "2023.12.12"]
[Round "7"]
[White "Rasulov, Vugar"]
[Black "Agibileg, Uurtsaikh"]
[Result "1-0"]
[Board "33"]
[TimeControl "180+1"]
[WhiteFideId "13402390"]
[BlackFideId "4901606"]
[WhiteElo "2892"]
[BlackElo "2655"]
[WhiteTeam "AZE"]
[BlackTeam "MGL"]
[WhiteClock "0:00:12"]
[BlackClock "0:00:00"]

1. d4 Nf6 2. c4 g6 3. Nf3 Bg7 4. g3 O-O 5. Bg2 c5 6. O-O d6 7. Nc3 cxd4 8. Nxd4 Qa5 9. Nd5 Nxd5 10. cxd5 Nd7 11. Bd2 Qb6 12. Bc3 Ne5 13. a4 Nc4 14. a5 Qd8 15. Qa4 Ne5 16. Rac1 Bd7 17. Qb3 Qb8 18. Bd2 Rc8 19. Rxc8+ Qxc8 20. Rc1 Qb8 21. h3 Be8 22. Be3 Nd7 23. Qc2 Qd8 24. b4 a6 25. Qc7 Qb8 26. Nb3 Bb2 27. Qxb8 Rxb8 28. Rc7 Ba3 29. Ba7 Ra8 30. Rxb7 Bxb4 31. Bd4 Rb8 32. Rxb8 Nxb8 33. Ba7 Ba4 34. Nd4 Nd7 35. Nc6 Bc5 36. Nxe7+ Kf8 37. Bxc5 Nxc5 38. Nc6 Ke8 39. f4 Bxc6 40. dxc6 Kd8 41. Bd5 f6 42. Kf2 Kc7 43. Ke3 Na4 44. Kd4 Nb2 45. Bb3 d5 46. Bxd5 Kd6 47. e4 Nd1 48. e5+ fxe5+ 49. fxe5+ Kc7 50. Kc5 Ne3 51. Be4 g5 52. e6 Kd8 53. Kb6 Nc4+ 54. Kxa6 Kc7 55. e7 Nd6 56. Bd5 Ne8 57. Bf7 1-0

[Event "December 12 Early 2023"]
[Site "https://www.chess.com"]
[Date "2023.12.12"]
[Round "7"]
[White "Golubev, Mikhail"]
[Black "Galchenko, Matvey"]
[Result "0-1"]
[Board "34"]
[TimeControl "180+1"]
[WhiteFideId "14100983"]
[BlackFideId "24175480"]
[WhiteElo "2653"]
[BlackElo "2881"]
[WhiteTeam "UKR"]
[BlackTeam "FID"]
[WhiteClock "0:00:00"]
[BlackClock "0:00:06"]

1. e4 d5 2. exd5 Nf6 3. Nf3 Nxd5 4. d4 g6 5. Bc4 Bg7 6. O-O O-O 7. h3 c6 8. Re1 Nd7 9. Bb3 a5 10. c4 N5b6 11. Nc3 Nf6 12. Bf4 Bf5 13. Rc1 h6 14. Qd2 g5 15. Bh2 e6 16. Ne5 Nfd7 17. Nxd7 Qxd7 18. Be5 Bxe5 19. Rxe5 a4 20. c5 axb3 21. cxb6 bxa2 22. Ra1 f6 23. Ree1 Rfd8 24. Rxa2 Rxa2 25. Nxa2 Qxd4 26. Qxd4 Rxd4 27. g4 Be4 28. Nc3 f5 29. f3 Bxf3 30. gxf5 exf5 31. Re7 c5 32. Rc7 c4 33. Nb5 Rd2 34. Na7 Rxb2 35. Nc8 Kf8 36. Nd6 Rxb6 0-1

[Event "December 12 Early 2023"]
[Site "https://www.chess.com"]
[Date "2023.12.12"]
[Round "7"]
[White "Demchenko, Anton"]
[Black "Koellner, Ruben Gideon"]
[Result "1-0"]
[Board "35"]
[TimeControl "180+1"]
[WhiteFideId "4160258"]
[BlackFideId "12993093"]
[WhiteElo "2880"]
[BlackElo "2652"]
[WhiteTeam "SLO"]
[BlackTeam "GER"]
[WhiteClock "0:00:10"]
[BlackClock "0:00:28"]

1. e4 d6 2. d4 Nf6 3. Nc3 e5 4. Nf3 Nbd7 5. Bc4 Be7 6. a4 c6 7. O-O h6 8. Be3 Qc7 9. Nh4 g6 10. a5 Nf8 11. d5 Ng4 12. Nf3 Nxe3 13. fxe3 c5 14. a6 Bd7 15. axb7 Qxb7 16. Nxe5 dxe5 17. d6 Bg5 18. Bd5 Qxb2 19. Qd2 Rb8 20. Rfb1 Qxb1+ 21. Nxb1 Ne6 22. Nc3 O-O 23. Rxa7 Rfd8 24. Qf2 Rb6 25. h4 Bxe3 26. Qxe3 Rxd6 27. Qxh6 Nf4 28. Qg5 Be6 29. Qxe5 Nxd5 30. Nxd5 Bxd5 31. exd5 Rxd5 32. Qe7 Rf8 33. Rd7 Rf5 34. Rd8 Rxd8 35. Qxd8+ Kh7 36. Qe7 Kg7 37. Kh2 Rd5 38. Kh3 Kg8 39. Qe4 Rf5 40. g4 Rf6 41. Kg3 Re6 42. Qd5 Re3+ 43. Kf4 Rc3 44. Qd2 Rc4+ 45. Kg3 Kg7 46. c3 Ra4 47. Qd5 Ra5 48. Qe5+ Kg8 49. h5 gxh5 50. gxh5 Ra6 51. Qxc5 1-0

[Event "December 12 Early 2023"]
[Site "https://www.chess.com"]
[Date "2023.12.12"]
[Round "7"]
[White "Riehle, Marco"]
[Black "DHLT216"]
[Result "0-1"]
[Board "36"]
[TimeControl "180+1"]
[WhiteFideId "12904392"]
[WhiteElo "2878"]
[BlackElo "2644"]
[WhiteTeam "GER"]
[WhiteClock "0:00:37"]
[BlackClock "0:00:03"]

1. e4 c5 2. a3 g6 3. h4 h5 4. Nc3 Bg7 5. Bc4 Nc6 6. d3 d6 7. Bg5 Nf6 8. Nge2 Rb8 9. Qd2 Bd7 10. O-O-O a6 11. f4 b5 12. Bb3 Na5 13. e5 Nxb3+ 14. cxb3 dxe5 15. fxe5 Ng4 16. d4 Nf2 17. Nd5 Be6 18. Nxe7 Ne4 19. Qf4 Nxg5 20. Nc6 Qc8 21. Nxb8 Nh3 22. gxh3 Bh6 23. d5 Bxd5 24. Rxd5 Bxf4+ 25. Nxf4 Qxb8 26. Kb1 O-O 27. Rxc5 Rc8 28. Rd5 Qc7 29. Rhd1 Qc2+ 30. Ka2 Rc3 31. e6 Rxb3 32. exf7+ Kxf7 33. Nd3 Rc3 34. Rf1+ Kg7 35. Ne5 Rxa3+ 36. Kxa3 Qa4# 0-1

[Event "December 12 Early 2023"]
[Site "https://www.chess.com"]
[Date "2023.12.12"]
[Round "7"]
[White "Skliarov, Viktor"]
[Black "Bacrot, Etienne"]
[Result "0-1"]
[Board "37"]
[TimeControl "180+1"]
[WhiteFideId "14106736"]
[BlackFideId "605506"]
[WhiteElo "2641"]
[BlackElo "2851"]
[WhiteTeam "UKR"]
[BlackTeam "FRA"]
[WhiteClock "0:00:01"]
[BlackClock "0:00:12"]

1. e4 c5 2. Nf3 d6 3. d4 cxd4 4. Qxd4 Nc6 5. Bb5 Bd7 6. Bxc6 Bxc6 7. Nc3 Nf6 8. Bg5 e6 9. O-O-O Be7 10. Rhe1 Qb6 11. Qd2 O-O 12. Kb1 Rfd8 13. Nd4 h6 14. Bh4 Rac8 15. f3 Be8 16. Bf2 Qa6 17. g4 b5 18. h4 b4 19. Nce2 Nd7 20. g5 h5 21. f4 g6 22. f5 e5 23. Nb3 Nb6 24. Ng3 Qb5 25. f6 Bf8 26. Qe3 Nc4 27. Qf3 a5 28. Nxh5 gxh5 29. Rd5 Qc6 30. Qxh5 Na3+ 31. bxa3 Qxc2+ 32. Ka1 Qxf2 33. Qe2 Qxe2 34. Rxe2 a4 0-1

[Event "December 12 Early 2023"]
[Site "https://www.chess.com"]
[Date "2023.12.12"]
[Round "7"]
[White "Dobrikov, Marco"]
[Black "Corrales Jimenez, Fidel"]
[Result "0-1"]
[Board "38"]
[TimeControl "180+1"]
[WhiteFideId "12950378"]
[BlackFideId "3506690"]
[WhiteElo "2634"]
[BlackElo "2844"]
[WhiteTeam "GER"]
[BlackTeam "USA"]
[WhiteClock "0:00:21"]
[BlackClock "0:00:14"]

1. c4 e5 2. Nc3 Nf6 3. g3 d5 4. cxd5 Nxd5 5. Bg2 Nb6 6. Nf3 Nc6 7. O-O Be7 8. d3 O-O 9. Bd2 Re8 10. Rc1 Bf8 11. Be3 Nd4 12. Bxd4 exd4 13. Ne4 c6 14. Nc5 Qd5 15. Nb3 a5 16. Nfxd4 Qe5 17. e3 a4 18. Nd2 Rd8 19. Rxc6 bxc6 20. Nxc6 Qg5 21. Nxd8 Bg4 22. Ne4 Qh5 23. f3 Bd7 24. Nb7 Rb8 25. Nbd6 Qd5 26. f4 Qxa2 27. f5 Nd5 28. Qh5 Bxd6 29. Nxd6 Nxe3 30. f6 Rxb2 31. Be4 Rg2+ 32. Kh1 Rxh2+ 33. Qxh2 Qxh2+ 34. Kxh2 Nxf1+ 35. Kg2 a3 36. Bd5 Ne3+ 0-1

[Event "December 12 Early 2023"]
[Site "https://www.chess.com"]
[Date "2023.12.12"]
[Round "7"]
[White "Kokoszczynski, Jan"]
[Black "Yeremyan, Alen"]
[Result "1-0"]
[Board "39"]
[TimeControl "180+1"]
[WhiteFideId "1174460"]
[BlackFideId "13308998"]
[WhiteElo "2630"]
[BlackElo "2827"]
[WhiteTeam "POL"]
[BlackTeam "ARM"]
[WhiteClock "0:00:37"]
[BlackClock "0:01:30"]

1. e4 Nf6 2. e5 Nd5 3. d4 d6 4. Bc4 Nb6 5. Bb3 dxe5 6. Qf3 e6 7. dxe5 Nc6 8. Qg3 Nd4 9. Nf3 Nf5 10. Qh3 a5 11. c3 Be7 12. Nbd2 O-O 13. Bc2 h6 14. g4 Nh4 15. Nxh4 Bxh4 16. Nf3 Be7 17. g5 Nd5 18. gxh6 g6 19. h7+ Kh8 20. Bh6 b5 21. O-O-O Bb7 22. Rhg1 Qe8 23. Ng5 c5 24. Nxe6 fxe6 25. Bxg6 Nf4 26. Bg7+ Kxg7 27. h8=Q+ Rxh8 28. Bxe8+ Ng2 29. Rxg2+ Bxg2 30. Qxg2+ Kf8 31. Qxa8 1-0

[Event "December 12 Early 2023"]
[Site "https://www.chess.com"]
[Date "2023.12.12"]
[Round "7"]
[White "Skatchkov, Valery"]
[Black "Miladinovic, Igor"]
[Result "0-1"]
[Board "40"]
[TimeControl "180+1"]
[WhiteFideId "24195812"]
[BlackFideId "4203380"]
[WhiteElo "2631"]
[BlackElo "2821"]
[WhiteTeam "RUS"]
[BlackTeam "SRB"]
[WhiteClock "0:00:00"]
[BlackClock "0:00:13"]

1. d4 d5 2. c4 Nc6 3. Nf3 Bg4 4. cxd5 Bxf3 5. gxf3 Qxd5 6. e3 e5 7. Nc3 Bb4 8. Bd2 Bxc3 9. bxc3 Qd6 10. Rb1 O-O-O 11. Qb3 b6 12. Qxf7 Nh6 13. Qc4 exd4 14. cxd4 Kb8 15. Bd3 Qf6 16. Be4 Ne7 17. Rc1 c6 18. Bb4 Nhf5 19. Bxf5 Nxf5 20. Qxc6 Qf7 21. Rc2 Rhe8 22. Rg1 Rxd4 23. Rxg7 Nxg7 24. Bd6+ Rxd6 25. Qxd6+ Ka8 26. Rc7 Qe6 27. Qd3 Qxa2 28. Qd7 Qe6 29. Qxg7 Qa2 30. Rxa7+ Qxa7 31. Qe5 Qd7 0-1

[Event "December 12 Early 2023"]
[Site "https://www.chess.com"]
[Date "2023.12.12"]
[Round "7"]
[White "Brodsky, David"]
[Black "Manukyan, Sargis A."]
[Result "0-1"]
[Board "41"]
[TimeControl "180+1"]
[WhiteFideId "2073250"]
[BlackFideId "13303970"]
[WhiteElo "2814"]
[BlackElo "2628"]
[WhiteTeam "USA"]
[BlackTeam "ARM"]
[WhiteClock "0:00:14"]
[BlackClock "0:01:15"]

1. e4 c5 2. Nf3 d6 3. d4 cxd4 4. Nxd4 Nf6 5. Nc3 g6 6. Be3 Bg7 7. f3 O-O 8. Qd2 Nc6 9. O-O-O d5 10. exd5 Nxd5 11. Nxc6 bxc6 12. Bd4 Nxc3 13. Qxc3 Bh6+ 14. Be3 Bxe3+ 15. Qxe3 Qb6 16. Qxe7 Be6 17. Qa3 Rfd8 18. Be2 Qf2 19. Rxd8+ Rxd8 20. Rd1 Rxd1+ 21. Kxd1 Qxg2 22. Qxa7 Qxh2 23. a4 Qd6+ 24. Bd3 h5 25. a5 Bd5 26. a6 Bxf3+ 27. Kc1 c5 28. b3 h4 29. Bc4 Qf4+ 30. Kb2 h3 31. Qb6 Kg7 32. a7 Qf6+ 33. Qxf6+ Kxf6 34. Be2 Ba8 0-1

[Event "December 12 Early 2023"]
[Site "https://www.chess.com"]
[Date "2023.12.12"]
[Round "7"]
[White "Dragnev, Valentin"]
[Black "Antunez Soler, Luis"]
[Result "1/2-1/2"]
[Board "42"]
[TimeControl "180+1"]
[WhiteFideId "1634852"]
[BlackFideId "3513335"]
[WhiteElo "2801"]
[BlackElo "2627"]
[WhiteTeam "AUT"]
[BlackTeam "CUB"]
[WhiteClock "0:01:02"]
[BlackClock "0:00:37"]

1. Nf3 d5 2. e3 Nf6 3. c4 c6 4. d4 Nbd7 5. cxd5 cxd5 6. Nc3 e6 7. Bd3 Bd6 8. O-O O-O 9. Bd2 e5 10. Nb5 Bb8 11. dxe5 Nxe5 12. Nxe5 Bxe5 13. Bc3 Bxh2+ 14. Kxh2 Ng4+ 15. Kg3 a6 16. Nd4 Qd6+ 17. Kf3 Re8 18. Ke2 Qh6 19. Rh1 Rxe3+ 20. Kd2 Rxd3+ 21. Kxd3 1/2-1/2

[Event "December 12 Early 2023"]
[Site "https://www.chess.com"]
[Date "2023.12.12"]
[Round "7"]
[White "Lund, Gunnar"]
[Black "Lysyj, Igor"]
[Result "0-1"]
[Board "43"]
[TimeControl "180+1"]
[WhiteFideId "1520814"]
[BlackFideId "4150120"]
[WhiteElo "2623"]
[BlackElo "2798"]
[WhiteTeam "NOR"]
[BlackTeam "FID"]
[WhiteClock "0:00:00"]
[BlackClock "0:00:05"]

1. d4 d5 2. Bf4 Nf6 3. e3 Bf5 4. c4 e6 5. Nf3 Nbd7 6. Qb3 dxc4 7. Bxc4 Nb6 8. Bd3 Bxd3 9. Qxd3 Bb4+ 10. Nbd2 c5 11. O-O O-O 12. a3 Bxd2 13. Qxd2 cxd4 14. Qxd4 Qxd4 15. Nxd4 Rfc8 16. Rac1 Nc4 17. Nb5 Nd5 18. Nd6 Nxd6 19. Bxd6 f5 20. Be5 b5 21. Bd4 a5 22. f3 a4 23. Kf2 Kf7 24. Ke2 g6 25. g3 Ne7 26. e4 Nc6 27. Bc3 Ne7 28. Rfd1 Ra7 29. Be5 Rxc1 30. Rxc1 Rb7 31. Bd6 Ke8 32. Ke3 Kd7 33. Rd1 Ke8 34. Rc1 Kd7 35. Rd1 Ke8 36. Kf4 Nc6 37. Kg5 Kf7 38. Bf4 Na5 39. Kh6 Nc4 40. Bc1 Ne5 41. exf5 gxf5 42. Rd8 Nxf3 43. Rh8 Kf6 44. h4 e5 45. Rf8+ Ke6 46. Re8+ Kd5 47. Bg5 e4 48. Bf4 Kc4 49. Rf8 Kb3 50. Rxf5 Kxb2 51. Bd6 Nd4 52. Re5 Nc2 53. Rxe4 b4 54. axb4 a3 55. Be5+ Kb3 56. Re1 Nxe1 57. Bf4 Nd3 58. Be5 a2 59. Bh8 Nb2 0-1

[Event "December 12 Early 2023"]
[Site "https://www.chess.com"]
[Date "2023.12.12"]
[Round "7"]
[White "Principe, Gerson"]
[Black "Wagh Suyog"]
[Result "0-1"]
[Board "44"]
[TimeControl "180+1"]
[WhiteFideId "3804550"]
[BlackFideId "25071688"]
[WhiteElo "2622"]
[BlackElo "2789"]
[WhiteTeam "PER"]
[BlackTeam "IND"]
[WhiteClock "0:01:52"]
[BlackClock "0:02:03"]

1. d4 Nf6 2. e3 d5 3. Nf3 c5 4. Be2 Nc6 5. O-O cxd4 6. exd4 Bf5 7. c3 e6 8. Bg5 Be7 9. Nbd2 h6 10. Bh4 O-O 11. Re1 a6 12. Bxf6 Bxf6 13. a4 Qb6 14. Qb3 Qc7 15. Qd1 Na5 16. b4 Nc6 17. Nb3 a5 18. b5 Ne7 19. Rc1 b6 20. h3 Rac8 21. Bd3 Bxd3 22. Qxd3 Qd6 23. Nbd2 Qa3 24. Qc2 Nf5 25. Qb3 Qxb3 26. Nxb3 Rc4 27. Nfd2 Rxa4 28. Ra1 Rxa1 29. Rxa1 Rc8 30. Nb1 Nd6 0-1

[Event "December 12 Early 2023"]
[Site "https://www.chess.com"]
[Date "2023.12.12"]
[Round "7"]
[White "Al-Tarboush, Ward"]
[Black "Alexandre, Anne Shopie Elizabeth"]
[Result "0-1"]
[Board "45"]
[TimeControl "180+1"]
[WhiteFideId "7601450"]
[BlackFideId "11902418"]
[WhiteElo "2613"]
[BlackElo "2786"]
[WhiteTeam "NOR"]
[BlackTeam "HAI"]
[WhiteClock "0:00:01"]
[BlackClock "0:00:10"]

1. e4 c5 2. Nf3 Nc6 3. d4 cxd4 4. Nxd4 e6 5. Nc3 Qc7 6. Be3 a6 7. Qd2 Nf6 8. O-O-O Bb4 9. f3 Ne7 10. Bd3 d5 11. Nde2 dxe4 12. fxe4 Ng6 13. a3 Be7 14. h4 Ng4 15. h5 Nxe3 16. hxg6 Nxd1 17. Rxh7 Rf8 18. gxf7+ Rxf7 19. Qxd1 Bd7 20. Kb1 O-O-O 21. Nd4 Bc5 22. Nce2 Qd6 23. Nb3 Bb6 24. Rh5 Bc6 25. e5 Qc7 26. Nc3 Kb8 27. Qg4 Re7 28. a4 Rf8 29. Qb4 Ka8 30. a5 Ba7 31. Rh4 Ref7 32. Nd4 Bd7 33. Nf3 Qc5 34. Qb3 Bc6 35. Rc4 Qf2 36. Rxc6 bxc6 37. Be4 Rc7 38. Qxe6 Rfc8 39. Qd6 Qxg2 40. e6 Qf1+ 41. Ka2 Qc4+ 42. Kb1 Bc5 43. Qe5 Re7 44. Ng5 Bd4 45. Qd6 Qc5 46. Qf4 Bf6 47. Nf7 Bxc3 48. Nd6 Rb8 49. b3 Qg1+ 50. Ka2 Qa1# 0-1

[Event "December 12 Early 2023"]
[Site "https://www.chess.com"]
[Date "2023.12.12"]
[Round "7"]
[White "Vlassov, Nikolai"]
[Black "Gan-Erdene, Sugar"]
[Result "1-0"]
[Board "46"]
[TimeControl "180+1"]
[WhiteFideId "4103360"]
[BlackFideId "4902980"]
[WhiteElo "2612"]
[BlackElo "2784"]
[WhiteTeam "FID"]
[BlackTeam "MGL"]
[WhiteClock "0:00:05"]
[BlackClock "0:00:18"]

1. e4 c5 2. c3 Nf6 3. e5 Nd5 4. d4 cxd4 5. cxd4 d6 6. Bc4 e6 7. Nf3 Nc6 8. O-O Be7 9. Qe2 Nb6 10. Bb3 O-O 11. Nc3 Nb4 12. Bf4 N4d5 13. Bg3 Nxc3 14. bxc3 dxe5 15. Nxe5 Bd7 16. f4 g6 17. Rad1 Rc8 18. Rf3 Ba4 19. Re1 Bf6 20. Nxf7 Kxf7 21. Bxe6+ Kg7 22. Bxc8 Qxc8 23. f5 Bc6 24. Rff1 Nd5 25. Qd2 Bb5 26. Rf3 gxf5 27. Be5 f4 28. Bxf4 Nxf4 29. Qxf4 Qd7 30. Rg3+ Kh8 31. Rge3 Bg7 32. Qg5 h6 33. Qg3 Rf7 34. h3 a6 35. Qh4 Qf5 36. Kh2 Kh7 37. Re7 Bc6 38. Rxf7 Qxf7 39. Re7 Qg6 40. Qg3 h5 41. c4 Qxg3+ 42. Kxg3 h4+ 43. Kxh4 Bxg2 44. d5 Kg6 45. Rxb7 Be5 46. Rb6+ Kf5 47. Rxa6 Bf1 48. Kh5 Bxc4 49. Ra5 Be2+ 50. Kh6 Bd6 51. Kg7 Ke5 52. h4 Kd4 53. Kg6 Bd3+ 54. Kg5 Be4 55. h5 Bxd5 56. h6 Be7+ 57. Kg6 Be4+ 58. Kf7 Bb4 59. Ra4 Kc3 60. a3 Bd5+ 61. Kg7 Bd6 62. h7 Be5+ 63. Kg6 Bb3 64. Ra5 Bc2+ 65. Kh6 Bd4 66. Rd5 Be3+ 67. Kg7 Bxh7 68. Kxh7 Kc4 69. Re5 Bc5 70. a4 Kb4 71. Kg6 Ba7 72. a5 Ka4 73. a6 1-0

[Event "December 12 Early 2023"]
[Site "https://www.chess.com"]
[Date "2023.12.12"]
[Round "7"]
[White "Mamedov, Edgar"]
[Black "Kim, Sergey"]
[Result "1-0"]
[Board "47"]
[TimeControl "180+1"]
[WhiteFideId "13739980"]
[BlackFideId "13700570"]
[WhiteElo "2781"]
[BlackElo "2610"]
[WhiteTeam "KAZ"]
[BlackTeam "KAZ"]
[WhiteClock "0:00:38"]
[BlackClock "0:00:03"]

1. d4 Nf6 2. Nf3 g6 3. Nbd2 d6 4. e4 Bg7 5. Bd3 O-O 6. O-O c6 7. c3 Qc7 8. h3 e5 9. Re1 Re8 10. Nc4 a5 11. a4 Nbd7 12. b3 b6 13. Ba3 Bf8 14. Qd2 Ba6 15. dxe5 dxe5 16. Bxf8 Rxf8 17. Qg5 Rfe8 18. Bf1 Re6 19. b4 Bxc4 20. Bxc4 Re7 21. Rad1 Rae8 22. b5 cxb5 23. Bxb5 Kg7 24. Nh4 Kh8 25. Nf3 Kg7 26. Nh2 h6 27. Qh4 Rd8 28. Ng4 1-0

[Event "December 12 Early 2023"]
[Site "https://www.chess.com"]
[Date "2023.12.12"]
[Round "7"]
[White "Shuvalova, Polina"]
[Black "Sahib Singh"]
[Result "0-1"]
[Board "48"]
[TimeControl "180+1"]
[WhiteFideId "24171760"]
[BlackFideId "25618342"]
[WhiteElo "2772"]
[BlackElo "2607"]
[WhiteTeam "RUS"]
[BlackTeam "IND"]
[WhiteClock "0:00:01"]
[BlackClock "0:00:06"]

1. e4 e6 2. d4 d5 3. Nd2 c5 4. exd5 Qxd5 5. Ngf3 cxd4 6. Bc4 Qd6 7. O-O Nf6 8. Nb3 Nc6 9. Nbxd4 Nxd4 10. Nxd4 a6 11. Re1 Qc7 12. Bf1 Bd6 13. h3 O-O 14. c3 e5 15. Nf3 Rd8 16. Qc2 h6 17. Be3 Bd7 18. Rad1 Bc6 19. Be2 Nd5 20. Bc1 b5 21. a3 Rac8 22. Nh4 Nf6 23. Nf5 Bf8 24. Bf1 Be4 25. Rxe4 Rxd1 26. Qxd1 Nxe4 27. Qg4 g6 28. Qxe4 gxf5 29. Qxf5 Bg7 30. Bd3 Kf8 31. Be3 Rd8 32. Be4 Rd6 33. g3 Rf6 34. Qg4 Rd6 35. Kg2 Kg8 36. Qf5 Rf6 37. Qg4 Rd6 38. h4 Qd7 39. Bf5 Qc6+ 40. Be4 Qd7 41. Qf3 Rf6 42. Qe2 Rd6 43. Qh5 Qe6 44. Qf3 Qd7 45. g4 Qe7 46. h5 Rf6 47. Qd1 Rd6 48. Qb3 Qe6 49. Qxe6 Rxe6 50. Kf3 Bf8 51. Ke2 Be7 52. f3 Kg7 53. Kd3 Bg5 54. Bc5 Be7 55. Ba7 Rd6+ 56. Kc2 Rd7 57. Be3 Bg5 58. Bc5 Rd2+ 59. Kb3 Rh2 60. Bg1 Rg2 61. Bc5 Bc1 62. Bc2 a5 63. c4 bxc4+ 64. Kc3 Bd2+ 65. Kxc4 Be3 66. Bxe3 Rxc2+ 67. Kb3 Re2 68. Bb6 a4+ 69. Kxa4 Rxb2 70. Bc7 Kf6 71. Bd6 Ke6 72. Bf8 Rf2 73. Bxh6 Rxf3 74. Bg7 e4 75. Kb4 f6 76. a4 Kf7 77. h6 e3 78. Kc3 Rf4 79. Kd3 Re4 80. Ke2 Rxa4 81. Kxe3 Rxg4 82. Kf3 Rh4 83. Kg3 Rh5 84. Kg4 Rg5+ 85. Kf4 Kg6 86. Ke4 f5+ 87. Kf4 Rg4+ 88. Kf3 Rh4 89. Kg3 Rh5 90. Kf4 Rh4+ 91. Kg3 Rg4+ 92. Kf3 Ra4 93. Kg3 Ra3+ 94. Kf4 Rh3 95. Bf8 Rh4+ 96. Kg3 Rg4+ 97. Kf3 Rh4 98. Bg7 Kg5 99. Kg3 f4+ 100. Kf3 Kf5 101. Bf8 Rh3+ 102. Kg2 Kg4 103. Bg7 f3+ 104. Kf2 Rh2+ 105. Kg1 Rh5 106. Bf8 Rd5 107. h7 Kg3 108. Bd6+ Rxd6 109. Kf1 Rd1# 0-1

[Event "December 12 Early 2023"]
[Site "https://www.chess.com"]
[Date "2023.12.12"]
[Round "7"]
[White "Kozak, Antoni"]
[Black "Assylov, Miras"]
[Result "1-0"]
[Board "49"]
[TimeControl "180+1"]
[WhiteFideId "21832030"]
[BlackFideId "13728873"]
[WhiteElo "2754"]
[BlackElo "2603"]
[WhiteTeam "POL"]
[BlackTeam "KAZ"]
[WhiteClock "0:01:13"]
[BlackClock "0:00:00"]

1. Nf3 Nf6 2. c4 g6 3. Nc3 Bg7 4. e4 d6 5. d4 O-O 6. h3 Na6 7. Bg5 c6 8. Bd3 h6 9. Be3 e5 10. d5 Nh5 11. g3 cxd5 12. cxd5 f5 13. exf5 gxf5 14. Nh4 Nf4 15. Bc2 Nb4 16. Bb1 a5 17. Qd2 Ne6 18. Nxf5 Ng5 19. Bxg5 hxg5 20. Nxg7 Kxg7 21. h4 Bg4 22. a3 Na6 23. hxg5 Nc5 24. Rh7+ Kg8 25. g6 Qf6 26. Bc2 Bf5 27. Bxf5 Qxf5 28. Rh8+ Kg7 29. Qh6+ Kf6 30. Rxf8+ Rxf8 31. Qxf8+ Kxg6 32. Qxf5+ Kxf5 33. Ke2 e4 34. Rh1 Ke5 35. Ke3 1-0

[Event "December 12 Early 2023"]
[Site "https://www.chess.com"]
[Date "2023.12.12"]
[Round "7"]
[White "Manukian, Artak"]
[Black "Haug, Havard"]
[Result "0-1"]
[Board "50"]
[TimeControl "180+1"]
[WhiteFideId "13301373"]
[BlackFideId "1547887"]
[WhiteElo "2600"]
[BlackElo "2750"]
[WhiteTeam "ARM"]
[BlackTeam "NOR"]
[WhiteClock "0:00:16"]
[BlackClock "0:01:31"]

1. e4 c6 2. d4 d5 3. e5 c5 4. dxc5 e6 5. a3 Bxc5 6. b4 Be7 7. c4 Qc7 8. Bb2 dxc4 9. Nf3 b5 10. Nc3 a6 11. g3 Bb7 12. Bg2 Nh6 13. O-O O-O 14. Qe2 Rd8 15. Ne4 Nc6 16. Nd6 Bxd6 17. exd6 Rxd6 18. Ne5 Rad8 19. Ng4 Nf5 20. Qe4 R8d7 21. Qf4 Rd2 22. Bc3 Qxf4 23. gxf4 R2d3 24. Rac1 Ncd4 25. Bxb7 Rxb7 26. Ne5 Rxc3 0-1

[Event "December 12 Early 2023"]
[Site "https://www.chess.com"]
[Date "2023.12.12"]
[Round "7"]
[White "Shuvalov, Evgenij"]
[Black "Bazyrtsyrenov, Kirill"]
[Result "0-1"]
[Board "51"]
[TimeControl "180+1"]
[WhiteFideId "4187237"]
[BlackFideId "24215872"]
[WhiteElo "2576"]
[BlackElo "2746"]
[WhiteTeam "FID"]
[BlackTeam "RUS"]
[WhiteClock "0:00:00"]
[BlackClock "0:00:07"]

1. d4 Nf6 2. c4 Nc6 3. Nf3 e6 4. a3 d6 5. Nc3 g6 6. e4 Bg7 7. Be2 O-O 8. O-O e5 9. d5 Ne7 10. Ne1 h6 11. Nd3 Nh7 12. c5 f5 13. f3 g5 14. b4 f4 15. a4 Ng6 16. Ba3 Rf7 17. b5 Bf8 18. a5 h5 19. b6 cxb6 20. axb6 Nf6 21. Nb5 axb6 22. cxd6 Ra5 23. Qb3 g4 24. Rfc1 g3 25. h3 Ne8 26. Rxc8 Qxc8 27. Rc1 Qd7 28. Nc7 Rxa3 29. Qxa3 Bxd6 30. Qa8 Bxc7 31. Rxc7 Qxc7 32. Qxe8+ Kg7 33. Bf1 Qc3 34. d6 Qd4+ 35. Kh1 Qxd6 36. Qb5 Rc7 37. Qb1 Qd4 38. Nb4 Qd2 39. Nd3 Kh6 40. Qxb6 Rc1 41. Nxc1 Qxc1 42. Qg1 Kg5 43. Bb5 Qxg1+ 44. Kxg1 Nh4 45. Kf1 Kf6 46. Be8 Ke7 47. Bxh5 b5 0-1

[Event "December 12 Early 2023"]
[Site "https://www.chess.com"]
[Date "2023.12.12"]
[Round "7"]
[White "Khamdamova, Afruza"]
[Black "Atakhan, Abtin"]
[Result "0-1"]
[Board "52"]
[TimeControl "180+1"]
[WhiteFideId "14210444"]
[BlackFideId "22502203"]
[WhiteElo "2546"]
[BlackElo "2740"]
[WhiteTeam "UZB"]
[BlackTeam "IRI"]
[WhiteClock "0:00:00"]
[BlackClock "0:00:34"]

1. e4 c5 2. Nf3 d6 3. d4 cxd4 4. Nxd4 Nf6 5. Nc3 a6 6. Bg5 Nbd7 7. Qe2 h6 8. Bh4 g6 9. O-O-O Qc7 10. f4 e5 11. fxe5 dxe5 12. Nf3 Bg7 13. Qc4 Qxc4 14. Bxc4 b5 15. Bd5 Nxd5 16. Nxd5 Ra7 17. Bf2 Rb7 18. Rd3 Nf6 19. Nxf6+ Bxf6 20. Rd6 Bg7 21. Rxa6 O-O 22. Rd6 f5 23. Re1 fxe4 24. Rxe4 Bf5 25. Re1 Rc8 26. c3 b4 27. Nxe5 bxc3 28. b3 Bf8 29. Rxg6+ Bxg6 30. Nxg6 Bd6 31. Kc2 Ra8 32. a4 Rab8 33. Rb1 Bb4 34. Nf4 Rf7 35. g3 Bd6 36. Rd1 Bxf4 37. gxf4 Rc8 38. Bg3 Re7 39. Re1 Rd7 40. Re2 Kf7 41. f5 Rd5 42. Re5 Rd2+ 43. Kc1 c2 44. Re1 Rd3 45. Kb2 Rd1 0-1

[Event "December 12 Early 2023"]
[Site "https://www.chess.com"]
[Date "2023.12.12"]
[Round "7"]
[White "Tikhonov, Viacheslav"]
[Black "Samunenkov, Ihor"]
[Result "0-1"]
[Board "53"]
[TimeControl "180+1"]
[WhiteFideId "44196407"]
[BlackFideId "14187086"]
[WhiteElo "2533"]
[BlackElo "2740"]
[WhiteTeam "RUS"]
[BlackTeam "UKR"]
[WhiteClock "0:00:10"]
[BlackClock "0:00:57"]

1. e4 c6 2. d4 d5 3. Nc3 dxe4 4. Nxe4 Bf5 5. Ng3 Bg6 6. h4 h6 7. Bc4 Nf6 8. N1e2 e6 9. Nf4 Bh7 10. Nfh5 Nbd7 11. c3 Nxh5 12. Nxh5 Nf6 13. Bf4 Nxh5 14. Qxh5 Bg6 15. Qg4 Qf6 16. Qg3 Qf5 17. O-O Be7 18. Rad1 Qh5 19. Bd3 Bxh4 20. Bxg6 Bxg3 21. Bxh5 Bxf4 22. g3 Bc7 23. f4 g6 24. Be2 h5 25. Kg2 Kf8 26. Rh1 Kg7 27. Rdf1 Rad8 28. g4 hxg4 29. Rxh8 Rxh8 30. Bxg4 Rh4 31. Be2 Bxf4 32. Rh1 Rxh1 33. Kxh1 Bc1 34. b3 Bb2 35. d5 cxd5 36. c4 dxc4 37. bxc4 b6 38. a4 f5 39. Kg2 Kf6 40. Kf3 g5 41. Bd1 Bd4 42. Be2 g4+ 43. Kg3 Kg5 44. Bd1 f4+ 45. Kg2 f3+ 46. Kg3 Be5+ 47. Kf2 Kf4 48. a5 Bd4+ 49. Kf1 g3 50. Be2 g2+ 51. Ke1 g1=Q+ 0-1